 Dungeon Crawl Stone Soup version 0.29.0-3-gbb0933ed62 (webtiles) character file.

Game seed: 14886884899734237652

210 sking99 the Chiller (level 5, -5/38 HPs)
             Began as a Gnoll Ice Elementalist on Aug 25, 2022.
             Killed by nerve-wracking pain
             ... invoked by Grinder
              (14 damage)
             ... on level 3 of the Dungeon.
             The game lasted 00:05:05 (2666 turns).

sking99 the Chiller (Gnoll Ice Elementalist)        Turns: 2666, Time: 00:05:05

Health: -5/38      AC:  4    Str:  9    XL:     5   Next: 87%
Magic:  1/12       EV: 13    Int: 14    God:
Gold:   166        SH:  5    Dex: 13    Spells: 10/14 levels left

rFire   . . .      SeeInvis .   n - +4 mace
rCold   . . .      Faith    .   (no shield)
rNeg    . . .      Spirit   .   j - +0 leather armour
rPois   .          Reflect  +   (no helmet)
rElec   .          Harm     .   (no cloak)
rCorr   .          Rampage  .   (no gloves)
Will    .....                   i - +0 pair of boots
Stlth   ++........              h - amulet of reflection
HPRegen 0.12/turn               (no ring)
MPRegen 0.13/turn               (no ring)

@: no status effects
A: fangs 1, strong nose, distributed training
a: no special abilities


You were on level 3 of the Dungeon.
You visited 1 branch of the dungeon, and saw 3 of its levels.

You collected 166 gold pieces.

Inventory:

Hand Weapons
 n - a +4 mace (weapon)
Armour
 i - a +0 pair of boots (worn)
 j - a +0 leather armour (worn)
Jewellery
 d - an amulet of faith
 h - an amulet of reflection (around neck)
Scrolls
 c - 2 scrolls of identify {unknown}
 g - 2 scrolls of enchant weapon {unknown}
 k - 3 scrolls of teleportation {unknown}
 m - 3 scrolls of blinking {unknown}
 o - a scroll of enchant armour {unknown}
Potions
 a - a potion of heal wounds {unknown}
 b - a potion of magic
 e - a potion of brilliance {unknown}
 f - 2 potions of flight {unknown}
 l - a potion of haste {unknown}
 p - a potion of curing {unknown}


   Skills:
 + Level 1.7 Fighting
 + Level 1.7 Short Blades
 + Level 1.7 Long Blades
 + Level 1.7 Axes
 + Level 1.7 Maces & Flails
 + Level 1.7 Polearms
 + Level 1.7 Staves
 + Level 1.7 Ranged Weapons
 + Level 1.7 Throwing
 + Level 1.7 Armour
 + Level 4.9 Dodging
 + Level 4.5 Stealth
 + Level 1.7 Shields
 + Level 1.7 Unarmed Combat
 + Level 5.3 Spellcasting
 + Level 1.3 Conjurations
 + Level 1.3 Hexes
 + Level 1.3 Summonings
 + Level 1.3 Necromancy
 + Level 1.3 Translocations
 + Level 1.3 Transmutations
 + Level 1.3 Fire Magic
 + Level 7.2 Ice Magic
 + Level 1.3 Air Magic
 + Level 1.3 Earth Magic
 + Level 1.3 Poison Magic
 + Level 2.0 Invocations
 + Level 1.7 Evocations


You had 10 spell levels left.
You knew the following spells:

 Your Spells              Type           Power      Damage    Failure   Level
a - Freeze                Ice            96%        1d11      1%          1
b - Frozen Ramparts       Ice            48%        1d8       3%          3

Your spell library contained the following spells:

 Spells                   Type           Power      Damage    Failure   Level
 Ozocubu's Armour         Ice            24%        N/A       3%          3
 Hailstorm                Conj/Ice       15%        3d5       36%         4


Dungeon Overview and Level Annotations

Branches:
Dungeon (3/15)

Altars:

Annotations:
D:3 Grinder


Innate Abilities, Weirdness & Mutations

You have very sharp teeth.
Your uncanny sense of smell can sniff out nearby items.
Your experience applies equally to all skills.


Message History

Grinder gestures at you. Pain shoots through your body!
Casting: Freeze (safe; 1% risk of failure)
Confirm with . or Enter, or press ? or * to list all spells.
Casting: Frozen Ramparts (dangerous; 3% risk of failure)
Press: ? - help, Dir - look around, f - activate The walls around you are covered in ice.
Grinder completely resists.
The wall freezes Grinder but does no damage.
Grinder closely misses you.
Casting: Frozen Ramparts (dangerous; 3% risk of failure)
Confirm with . or Enter, or press ? or * to list all spells.
Aiming: Freeze (safe; 1% risk of failure)
Press: ? - help, Shift-Dir - straight line, f - Grinder
Aim: Grinder (lightly wounded)
You freeze Grinder.
Grinder resists.
Grinder is lightly wounded.
Grinder completely resists.
The wall freezes Grinder but does no damage.
Grinder gestures at you.
You suddenly lose the ability to move!
Grinder resists.
The wall freezes Grinder.
Grinder hits you!
You writhe in agony.
* * * LOW HITPOINT WARNING * * *
You can move again.
Casting: Freeze (safe; 1% risk of failure)
Confirm with . or Enter, or press ? or * to list all spells.
Aiming: Freeze (safe; 1% risk of failure)
Press: ? - help, Shift-Dir - straight line, f/p - Grinder
Aim: Grinder (moderately wounded)
You freeze Grinder.
Grinder resists.
Grinder is moderately wounded.
Grinder resists.
The wall freezes Grinder.
Grinder barely misses you.
Your frozen ramparts will break if you move.
Continue?
Okay, then.
Your frozen ramparts will break if you move.
Continue?
The frozen ramparts melt away as you move.
Grinder gestures at you. Pain shoots through your body!
You die...

#...# #...# ############...#
...........<...#
###...........#
#...........# #...........#
># #######..........## #..
#####....@.5.......###
#...####........##..<.....#
...............#####.######
.... #.........รท###..######
.....#........<.##..........
#............5...........
.................#........).
........$.......###.....####
........................#


You could see Grinder.

Vanquished Creatures
  Sigmund (D:2)
  3 dart slugs
  3 endoplasms
  A giant cockroach (D:1)
  4 goblins
  5 hobgoblins
  A quokka (D:1)
  3 ball pythons
  A bat (D:2)
  6 frilled lizards
  4 kobolds
  5 rats
  A toadstool (D:1)
38 creatures vanquished.

Vanquished Creatures (others)
  3 toadstools (D:1)
3 creatures vanquished.

Grand Total: 41 creatures vanquished

Notes
Turn   | Place    | Note
-------+----------+-------------------------------------------
     0 | D:1      | sking99 the Gnoll Ice Elementalist began the quest for the
                  | Orb.
     0 | D:1      | Reached XP level 1. HP: 13/13 MP: 6/6
   369 | D:1      | Reached XP level 2. HP: 19/19 MP: 4/7
  1168 | D:1      | Reached skill level 5 in Spellcasting
  1168 | D:1      | Reached XP level 3. HP: 25/25 MP: 6/9
  1560 | D:2      | Noticed Sigmund
  1758 | D:2      | Reached skill level 1 in Invocations
  1763 | D:2      | Learned a level 3 spell: Frozen Ramparts
  2160 | D:2      | Killed Sigmund
  2161 | D:2      | Reached skill level 1 in Fighting
  2161 | D:2      | Reached skill level 1 in Short Blades
  2161 | D:2      | Reached skill level 1 in Long Blades
  2161 | D:2      | Reached skill level 1 in Axes
  2161 | D:2      | Reached skill level 1 in Maces & Flails
  2161 | D:2      | Reached skill level 1 in Polearms
  2161 | D:2      | Reached skill level 1 in Staves
  2161 | D:2      | Reached skill level 1 in Ranged Weapons
  2161 | D:2      | Reached skill level 1 in Throwing
  2161 | D:2      | Reached skill level 1 in Armour
  2161 | D:2      | Reached skill level 1 in Shields
  2161 | D:2      | Reached skill level 1 in Unarmed Combat
  2161 | D:2      | Reached skill level 1 in Conjurations
  2161 | D:2      | Reached skill level 1 in Hexes
  2161 | D:2      | Reached skill level 1 in Summonings
  2161 | D:2      | Reached skill level 1 in Necromancy
  2161 | D:2      | Reached skill level 1 in Translocations
  2161 | D:2      | Reached skill level 1 in Transmutations
  2161 | D:2      | Reached skill level 1 in Fire Magic
  2161 | D:2      | Reached skill level 1 in Air Magic
  2161 | D:2      | Reached skill level 1 in Earth Magic
  2161 | D:2      | Reached skill level 1 in Poison Magic
  2161 | D:2      | Reached skill level 1 in Evocations
  2161 | D:2      | Reached XP level 4. HP: 11/33 MP: 4/11
  2161 | D:2      | Reached XP level 5. HP: 13/38 MP: 4/12
  2594 | D:3      | Noticed Grinder
  2656 | D:3      | Paralysed by Grinder for 3 turns
  2663 | D:3      | Paralysed by Grinder for 2 turns
  2666 | D:3      | Killed from afar by Grinder

Illustrated notes

Levels and vault maps discovered:
D:1:      ldierk_water_garden, layout_basic
D:2:      layout_basic, uniq_sigmund
D:3:      layout_rooms, mainiacjoe_overflow_paths, uniq_grinder

Skill      XL: |  1  2  3 |
---------------+----------+-----
Spellcasting   | 5 |  5.3
Invocations    | 2 |  2.0
Fighting       | 1 |  1.7
Short Blades   | 1 |  1.7
Long Blades    | 1 |  1.7
Axes           | 1 |  1.7
Maces & Flails | 1 |  1.7
Polearms       | 1 |  1.7
Staves         | 1 |  1.7
Ranged Weapons | 1 |  1.7
Throwing       | 1 |  1.7
Armour         | 1 |  1.7
Shields        | 1 |  1.7
Unarmed Combat | 1 |  1.7
Conjurations   | 1 |  1.3
Hexes          | 1 |  1.3
Summonings     | 1 |  1.3
Necromancy     | 1 |  1.3
Translocations | 1 |  1.3
Transmutations | 1 |  1.3
Fire Magic     | 1 |  1.3
Air Magic      | 1 |  1.3
Earth Magic    | 1 |  1.3
Poison Magic   | 1 |  1.3
Evocations     | 1 |  1.7
Dodging        | |  4.9
Stealth        | |  4.5
Ice Magic      | |  7.2

Action                   |  1- 3 |  4- 6 || total
-------------------------+-------+-------++-------
Melee: Unarmed           |     7 |       ||     7
       Mace              |     2 |       ||     2
       Bite              |     1 |       ||     1
 Cast: Freeze            |    54 |    16 ||    70
       Frozen Ramparts   |     1 |     2 ||     3
Armor: Robe              |     2 |       ||     2
       Leather armour    |     5 |     2 ||     7
Dodge: Dodged            |    22 |     8 ||    30
